Map: El Dorado

Players

NataMontana

  • Race: Protoss Protoss
  • League: Platinum
  • Spawn Location: 7:00

ggfrank - Winner!

  • Race: Terran Terran
  • League: Gold
  • Spawn Location: 5:00

VOD

Have the link to the VOD?

Description

Time

  • Played on: Dec. 26, 2024, 12:51 p.m.
  • Length: 17:09
Show
View Real Time Build Order
Export as new Build Order

NataMontana Protoss 

Build Orders: Chargelot Immortal 

Get SALT Encoding   

  12  0:00  Probe  
  13  0:14  Probe  
  14  0:21  Pylon  
  14  0:26  Probe  
  15  0:35  Probe  
  16  0:45  Gateway  
  16  0:46  Probe  
  17  0:58  Probe  
  18  1:10  Probe  
  19  1:22  Probe  
  20  1:34  Probe  
  21  1:46  Probe  
  22  1:58  Probe  
  22  2:03  Gateway  
  22  2:05  Gateway  
  22  2:07  Cybernetics Core  
  22  2:08  Pylon  
  22  2:09  Assimilator  
  22  2:10  Probe, Assimilator  
  23  2:26  Probe, Zealot  
  26  2:38  Probe, Stalker  
  27  2:48  Nexus  
  29  2:51  Stalker  
  31  3:02  Assimilator  
  31  3:04  Assimilator  
  31  3:09  Pylon  
  31  3:19  Warp Gate  
  31  3:27  Gateway  
  31  3:28  Pylon  
  31  3:35  Adept  
  31  3:38  Sentry  
  35  3:42  Adept  
  35  3:47  Probe  
  37  3:55  Probe  
  39  4:05  Probe  
  36  4:40  Robotics Facility  
  36  4:43  Probe x2, Pylon, Twilight Council  
  38  4:55  Probe x2  
  38  5:03  Charge  
  34  5:07  Probe  
  33  5:17  Stalker x2, Immortal  
  33  5:18  Stalker  
  39  5:24  Probe  
  39  5:25  Probe  
  45  5:37  Probe x2  
  47  5:49  Probe x2  
  49  5:56  Warp Prism  
  51  5:57  Pylon  
  51  6:01  Probe x2  
  51  6:03  Gateway  
  53  6:04  Gateway  
  53  6:11  Forge  
  53  6:13  Probe  
  53  6:15  Probe  
  55  6:36  Probe  
  56  6:53  Pylon  
  56  6:56  Zealot x3  
  56  6:57  Stalker  
  56  6:58  Stalker  
  56  7:00  Zealot  
  68  7:01  Nexus  
  68  7:04  Immortal  
  58  7:23  Zealot x2  
  58  7:24  Zealot x4  
  70  7:31  Protoss Ground Weapons Level 1  
  50  7:52  Robotics Facility  
  50  7:54  Pylon  
  50  7:55  Blink  
  54  7:58  Immortal  
  54  8:08  Probe  
  54  8:11  Probe  
  56  8:13  Probe  
  56  8:16  Probe  
  56  8:17  Gateway  
  56  8:19  Gateway  
  57  8:23  Probe  
  57  8:25  Probe  
  58  8:35  Probe  
  58  8:39  Zealot  
  58  8:40  Zealot x5  
  71  8:54  Immortal  
  71  8:55  Immortal  
  79  8:59  Assimilator  
  79  9:01  Assimilator  
  79  9:02  Pylon  
  79  9:05  Pylon  
  79  9:11  Forge  
  79  9:21  Nexus  
  79  9:29  Gateway  
  79  9:33  Templar Archives  
  79  9:39  Observer  
  80  9:51  Probe  
  81  9:56  Gateway  
  81  10:09  Immortal  
  81  10:10  Immortal  
  89  10:19  Protoss Ground Armor Level 1, Zealot  
  89  10:20  Zealot x6  
  103  10:21  Protoss Ground Weapons Level 2  
  103  10:39  Gateway  
  103  10:42  Gateway  
  103  10:44  Probe  
  103  10:45  Probe x3  
  103  10:48  Warp Prism  
  109  10:56  Probe  
  84  10:57  Probe  
  76  11:15  Gateway  
  76  11:16  Gateway x2  
  76  11:26  Robotics Bay  
  76  11:28  Pylon  
  76  11:34  Zealot x3  
  82  11:49  Sentry x2  
  86  12:02  Gateway  
  86  12:06  Gateway, Pylon  
  86  12:17  Stargate  
  86  12:20  Extended Thermal Lance  
  86  12:21  Stargate  
  86  12:23  Pylon  
  86  12:44  Protoss Ground Weapons Level 3  
  86  12:47  Protoss Ground Armor Level 2  
  86  12:57  Colossus x2  
  98  13:08  Fleet Beacon  
  98  13:15  Assimilator  
  98  13:17  Probe x4  
  98  13:18  Assimilator  
  96  13:29  Probe x4  
  96  13:30  Nexus  
  101  13:41  Probe  
  101  13:50  Probe  
  101  13:51  Probe, Immortal x2  
  101  13:52  Probe  
  101  13:53  Probe  
  113  13:58  Probe  
  113  13:59  Probe  
  113  14:00  Probe, Gravitic Boosters  
  114  14:05  Probe, Zealot  
  114  14:06  Zealot x2  
  114  14:07  Zealot  
  114  14:08  Probe x2, Zealot  
  129  14:18  Probe  
  129  14:20  Tempest  
  129  14:21  Tempest  
  138  14:25  Stargate  
  138  14:34  Cybernetics Core  
  138  14:44  Protoss Air Weapons Level 1  
  138  14:49  Pylon  
  138  14:50  High Templar  
  138  14:51  High Templar  
  138  14:52  High Templar, Pylon  
  144  15:08  Archon  
  144  15:14  Zealot x5  
  146  15:15  Zealot x5  
  90  15:48  High Templar x4  
  90  15:49  High Templar x2  
  92  15:50  Stalker  
  92  15:51  Stalker x5  
  92  15:52  Stalker  
  100  16:00  Colossus x2  
  105  16:07  Unknown  
  97  16:12  Void Ray x3  
  91  16:18  Zealot  
  91  16:19  Zealot x3  
  91  16:20  High Templar x3  
  91  16:21  High Templar  
  101  16:30  Pylon  
  101  16:31  Zealot x2  
  101  16:32  Zealot  
  102  16:33  Pylon  
  94  16:43  Zealot  
  94  16:44  Zealot x2  
  46  17:06  Archon  
Show
View Real Time Build Order
Export as new Build Order

ggfrank Terran - Winner!

Build Orders:  

Get SALT Encoding   

  12  0:00  SCV  
  13  0:19  Supply Depot  
  13  0:20  SCV  
  14  0:32  SCV  
  15  0:42  Barracks  
  15  0:45  SCV  
  17  0:57  SCV  
  17  1:14  SCV  
  18  1:26  SCV  
  19  1:38  Marine  
  20  1:42  Supply Depot  
  20  1:43  SCV  
  21  1:49  Command Center  
  21  1:55  SCV  
  21  1:57  Marine  
  23  2:02  Refinery  
  23  2:05  Refinery  
  23  2:07  SCV  
  24  2:13  Bunker  
  24  2:16  Marine  
  25  2:23  Orbital Command  
  25  2:34  Marine  
  26  2:49  SCV  
  27  2:59  Factory  
  27  3:01  Orbital Command  
  27  3:09  Marine  
  28  3:16  Engineering Bay  
  28  3:20  SCV, Supply Depot  
  29  3:27  Marine  
  29  3:32  SCV, Barracks  
  31  3:44  SCV, Factory Tech Lab  
  31  3:45  Marine  
  33  4:02  Orbital Command  
  33  4:17  Siege Tank  
  32  4:21  Marine  
  32  4:22  Marine  
  33  4:38  Marine, Bunker  
  33  4:39  SCV x2, Marine  
  33  4:41  Bunker  
  37  4:51  SCV  
  37  4:52  SCV  
  35  5:04  SCV x2  
  34  5:18  SCV x2  
  36  5:22  Marine x2  
  36  5:27  Engineering Bay  
  38  5:30  SCV x2  
  38  5:33  Command Center  
  40  5:35  Terran Infantry Weapons Level 1  
  40  5:39  Marine x2  
  40  5:42  SCV x2  
  44  5:46  Missile Turret x2  
  44  5:54  SCV x2  
  44  5:57  Marine x2, Siege Tank  
  51  6:06  SCV x2  
  51  6:07  Refinery  
  51  6:08  Command Center  
  51  6:09  Terran Infantry Armor Level 1  
  53  6:12  Refinery  
  53  6:15  Marine  
  54  6:25  Barracks x2  
  54  6:27  Supply Depot  
  54  6:29  Supply Depot  
  54  6:42  Missile Turret  
  54  6:45  Marine x2, Siege Tank  
  59  6:47  Orbital Command, Missile Turret  
  59  6:48  Missile Turret  
  59  6:49  SCV x2  
  61  7:09  Barracks Tech Lab  
  61  7:10  Barracks Tech Lab  
  61  7:11  Missile Turret  
  58  7:25  Barracks Reactor x2  
  58  7:29  Neosteel Armor  
  58  7:31  Bunker  
  58  7:35  Bunker  
  55  7:55  Bunker  
  55  7:56  Marine x2  
  57  8:00  Siege Tank  
  57  8:03  Hi-Sec Auto Tracking  
  57  8:04  Marine x3  
  57  8:05  Marine  
  64  8:06  Combat Shield  
  64  8:08  Stimpack  
  64  8:11  Orbital Command  
  64  8:14  Marine x2  
  66  8:23  Armory  
  66  8:27  Armory  
  66  8:31  Marine x2  
  66  8:32  Siege Tank  
  66  8:34  Missile Turret  
  71  8:49  Marine x2  
  71  8:54  Missile Turret x2  
  71  8:55  Marine, Missile Turret x2  
  73  8:56  Marine x3  
  77  9:04  Siege Tank  
  77  9:07  Marine x2  
  82  9:13  Marine x2  
  82  9:14  Marine x2  
  86  9:17  Missile Turret  
  86  9:21  Terran Vehicle Weapons Level 1  
  86  9:25  Marine x2  
  86  9:29  SCV x4  
  92  9:31  Marine  
  92  9:36  Siege Tank  
  92  9:38  Missile Turret  
  96  9:41  SCV x4  
  100  9:47  Starport  
  100  9:48  Command Center, Concussive Shells  
  100  9:49  Starport  
  100  9:56  Missile Turret  
  100  10:17  Missile Turret x2  
  100  10:22  Missile Turret  
  100  10:28  Starport Tech Lab  
  100  10:29  Starport Reactor, Missile Turret  
  100  10:30  Missile Turret  
  100  10:36  Command Center  
  100  10:46  Supply Depot  
  100  10:52  Supply Depot x2  
  100  10:54  Marine x2  
  100  10:55  Marine x2  
  100  10:57  Marine  
  100  10:58  SCV, Marine  
  100  11:00  Siege Tank  
  103  11:10  Supply Depot  
  103  11:12  Marine x2  
  103  11:13  Marine x2  
  103  11:15  Marine x2  
  103  11:17  Bunker  
  109  11:27  Medivac x2  
  109  11:28  Medivac  
  109  11:30  Marine x2, Orbital Command  
  109  11:31  Marine x2, Orbital Command  
  109  11:32  Siege Tank  
  122  11:33  Marine, Marauder  
  125  11:48  Marine, Marauder  
  125  11:49  Marine x2  
  125  11:50  Missile Turret x2  
  125  11:51  Marine, Bunker x2  
  125  11:53  Bunker  
  131  11:54  Marauder  
  131  11:57  Medivac x2  
  131  11:58  Medivac  
  139  12:06  Marine  
  139  12:07  Marine x2  
  142  12:09  Marine  
  142  12:10  Marauder  
  145  12:16  Marauder  
  147  12:23  Marine  
  147  12:24  Marine  
  147  12:25  Marine  
  147  12:27  Marine, Medivac x2  
  147  12:28  Medivac  
  157  12:30  Terran Infantry Armor Level 2  
  157  12:31  Marine  
  157  12:32  Terran Infantry Weapons Level 2  
  157  12:33  Terran Vehicle Weapons Level 2  
  157  12:35  Terran Vehicle And Ship Armor Level 1  
  157  12:37  Marine  
  158  12:41  Marine  
  158  12:42  Marine  
  158  12:43  Refinery  
  161  12:48  Refinery  
  161  12:55  Command Center, Marine  
  161  12:57  Orbital Command  
  162  13:09  Supply Depot x2  
  162  13:11  Supply Depot x2  
  162  13:13  Supply Depot  
  162  13:30  Marine x6, Viking  
  162  13:31  Medivac, Viking  
  174  13:37  Sensor Tower  
  174  13:40  Missile Turret  
  174  13:42  Missile Turret  
  174  13:48  Marine x6  
  180  14:00  Viking  
  182  14:06  Marine x4, Marauder x2  
  182  14:07  Planetary Fortress  
  190  14:21  Command Center  
  190  14:24  Marine x4  
  192  14:25  Command Center  
  192  14:28  Marauder x2  
  192  14:29  Terran Ship Weapons Level 1  
  198  14:41  Marine x2  
  200  15:06  Sensor Tower  
  200  15:09  Missile Turret  
  200  15:21  Command Center  
  200  15:24  Command Center  
  171  15:47  Marine x2  
  171  15:48  Marine x3, Marauder  
  177  15:50  Viking x2  
  177  15:51  Viking  
  179  16:05  Marine x3  
  179  16:06  Marine, Marauder  
  179  16:10  Marauder  
  179  16:20  Viking x2  
  179  16:21  Viking  
  179  16:23  Marine x4  
  189  16:28  Marauder  
  189  16:31  Marauder  
  191  16:41  Marine x4  
Tags
 
Add a new tag
Caveats
  • Supply blocks, unpowered buildings, or Contaminate may cause inaccurate times.
  • Supply counts are checked every 10 seconds.